 Dungeon Crawl Stone Soup version 0.25-a0-591-g2ad0d861f1 (webtiles) character file.

Game seed: 9797612821159135785, levelgen mode: deterministic

10270 Gargoyl the Cleaver (level 11, -2/94 HPs)
             Began as a Centaur Abyssal Knight on Mar 14, 2020.
             Was a High Priest of Lugonu.
             Killed from afar by a steam dragon (18 damage)
             ... with a ball of steam
             ... on level 10 of the Dungeon.
             The game lasted 00:18:39 (14368 turns).

Gargoyl the Cleaver (Centaur Abyssal Knight)       Turns: 14368, Time: 00:18:39

Health: -2/94      AC: 10    Str: 20    XL:     11   Next: 34%
Magic:  13/16      EV:  8    Int: 11    God:    Lugonu [*****.]
Gold:   492        SH:  8    Dex: 11    Spells: 10/10 levels left

rFire    . . .     SeeInvis .   a - +1 hand axe (venom)
rCold    . . .     Gourm    .   w - +0 kite shield
rNeg     . . .     Faith    .   m - +1 ring mail {MR+}
rPois    .         Spirit   .   (helmet restricted)
rElec    .         Reflect  .   h - +1 cloak
rCorr    .         Harm     .   (no gloves)
MR       +....                  (no barding)
Stlth    ..........             (no amulet)
HPRegen  0.25/turn              p - +2 ring of strength
MPRegen  0.15/turn              (no ring)

@: very quick
A: large, hooves 3, horns 1, deformed body, speed 2, strong 1, tough skin 3
a: Depart the Abyss, Bend Space, Banish, Corrupt, Enter the Abyss, Renounce
Religion


You were on level 10 of the Dungeon.
You worshipped Lugonu.
Lugonu was extremely pleased with you.
You were not hungry.

You visited 1 branch of the dungeon, and saw 11 of its levels.
You visited the Abyss 1 time.
You also visited: Ossuary.

You collected 492 gold pieces.

Inventory:

Hand Weapons
 a - a +1 hand axe of venom (weapon)
 t - a cursed +0 hand axe of flaming
Missiles
 s - 7 boomerangs (quivered)
Armour
 h - a +1 cloak (worn)
 m - a +1 ring mail of magic resistance (worn)
 w - a +0 kite shield (worn)
Jewellery
 p - a +2 ring of strength (left hand)
Wands
 b - a wand of flame (28)
 k - a wand of digging (4)
 r - a wand of acid (8)
Scrolls
 f - 6 scrolls of teleportation
 j - a scroll of fog
 l - 3 scrolls of identify
 n - 2 scrolls of fear
Potions
 d - 2 potions of magic
 e - a potion of curing
 g - a potion of stabbing
 i - a potion of resistance
 o - 5 potions of haste
 q - a potion of flight
 x - 4 potions of brilliance
Comestibles
 c - 14 rations
 u - a chunk of flesh


   Skills:
 + Level 8.0 Fighting
 + Level 9.1 Axes
 * Level 7.7 Armour
 * Level 4.3 Dodging
 - Level 0.7 Stealth
 + Level 0.9 Shields
 * Level 7.0 Invocations
 + Level 1.1 Evocations


You had 10 spell levels left.
You didn't know any spells.
Your spell library contained the following spells:

 Spells                   Type           Power        Failure   Level  Hunger
 Corona                   Hex            #......      97%         1    ##.....
 Freeze                   Ice            #...         97%         1    ##.....
 Ensorcelled Hibernation  Hex/Ice        #.....       99%         2    ###....
 Confusing Touch          Hex            #.......     100%        3    ####...
 Dazzling Flash           Conj/Hex       #.....       100%        3    ####...
 Frozen Ramparts          Ice            #.....       100%        3    ####...
 Ozocubu's Armour         Chrm/Ice       #.......     100%        3    ####...
 Tukima's Dance           Hex            #.......     100%        3    ####...
 Hailstorm                Conj/Ice       #.......     100%        4    #####..
 Summon Ice Beast         Ice/Summ       #.......     100%        4    #####..


Dungeon Overview and Level Annotations

Branches:
Dungeon (11/15)            Temple (0/1) D:4            Lair (0/6) D:9
Ossuary (visited)
    Orc: D:9-12

Altars:
Fedhas
Hepliaklqana
Vehumet

Shops:
D:10 :


Innate Abilities, Weirdness & Mutations

You have hooves in place of feet.
Armour fits poorly on your strangely shaped body.
You cover ground very quickly.
You have extremely tough skin. (AC +3)
You have a pair of small horns on your head.
Your muscles are strong. (Str +2)


Message History

The steam dragon bites you.
* * * LOW HITPOINT WARNING * * *
You block the steam dragon's attack.
You barely miss the steam dragon. Your kick misses the steam dragon.
You headbutt the steam dragon, but do no damage.
The steam dragon is almost dead.
You are engulfed in a cloud of scalding steam.
The steam dragon bites you.
* * * LOW HITPOINT WARNING * * *
The steam dragon barely misses you.
Your shield prevents you from hitting the steam dragon.
Your headbutt misses the steam dragon.
The steam dragon is almost dead.
The steam dragon bites you but does no damage.
The steam dragon claws you but does no damage.
Unknown command.
You feel better. The steam dragon breathes steam at you.
The ball of steam hits you!!
You die...

..## #..# #..# #.. #..###.##
#...##..###. ####.# >....##.
####....###.....#.##
#####.....§§§.......#..#
#..........§.§..@D.......
#......._..(.....S)...<..
#........).##.#####......#####Z..
#..........##............<.S.@...
########.####..## #..........Z.?#
#....†..# ≈≈≈.......#####
#>..###.# ≈≈≈≈##..### #.### .#
≈∩≈≈...## ###[# .# ≈. ..#


You could see a steam dragon and an adder.

Vanquished Creatures
  Josephine (D:10)
  Harold (D:9)
  Pikel (D:6)
  Psyche (D:8)
  A hornet (D:7)
  Prince Ribbit (D:5)
  A shadow (D:9)
  Sigmund (D:2)
  2 yaks
  A wyvern (D:9)
  3 hogs (D:7)
  A wraith (D:9)
  A human (D:7)
  A hungry ghost (D:6)
  Edmund (D:4)
  An orc warrior (D:7)
  An ice beast (D:9)
  An eye of draining (D:9)
  A sky beast (D:9)
  3 phantoms
  A black bear (D:9)
  9 ogres
  4 centaurs
  2 elf zombies (Ossuary)
  5 big kobolds
  4 bullfrogs
  4 scorpions
  12 killer bees (D:9)
  12 wights
  2 bullfrog zombies
  2 crimson imps (D:6)
  3 centaur zombies
  A quasit (D:9)
  3 hounds
  5 jellies
  An orc priest (D:6)
  A bullfrog skeleton (D:9)
  A centaur skeleton (D:7)
  2 iguanas
  Ijyb (D:5)
  Natasha (thrice) (D:2)
  5 worker ants
  8 orc wizards
  3 big kobold zombies (Ossuary)
  3 mummies (Ossuary)
  4 gnolls (D:4)
  15 adders
  A worm zombie (D:4)
  An adder skeleton (D:9)
  4 adder zombies
  5 worms
  A dart slug (D:3)
  3 leopard geckos
  32 orcs
  3 ball pythons
  7 bats
  4 giant cockroaches
  A gnoll zombie (Ossuary)
  10 goblins
  9 hobgoblins
  11 jackals
  5 quokkas
  6 frilled lizards
  A goblin zombie (Ossuary)
  A hobgoblin zombie (Ossuary)
  6 jackal zombies (Ossuary)
  23 kobolds
  3 kobold zombies (Ossuary)
  A leopard gecko zombie (D:9)
  2 orc zombies (Ossuary)
  A quokka skeleton (D:7)
  4 quokka zombies (Ossuary)
  8 rats
  5 rat zombies (Ossuary)
299 creatures vanquished.

Vanquished Creatures (others)
  The ghost of dricus the Cutter, a novice KoFi of Okawaru (D:5)
  The ghost of Gynju the Thaumaturge, a novice DEWz of Vehumet (D:6)
  A gargoyle (D:9)
  2 wraiths (D:9)
  A slave (D:6)
6 creatures vanquished.

Grand Total: 305 creatures vanquished

Notes
Turn   | Place    | Note
-------+----------+-------------------------------------------
     0 | Abyss:1  | Gargoyl the Centaur Abyssal Knight began the quest for the
                  | Orb.
     0 | Abyss:1  | Reached XP level 1. HP: 19/19 MP: 2/2
    25 | Abyss:2  | Found a corrupted altar of Lugonu.
    61 | Abyss:2  | Noticed a large abomination
    76 | Abyss:2  | Noticed an eidolon
    96 | Abyss:2  | Noticed an orange demon
   120 | Abyss:2  | Noticed a quasit
   124 | Abyss:2  | Noticed a rakshasa
   125 | Abyss:2  | Noticed a sixfirhy
   127 | Abyss:2  | Noticed a small abomination
   129 | D:1      | Escaped the Abyss
   310 | D:1      | Reached XP level 2. HP: 20/26 MP: 3/3
   522 | D:1      | Reached * piety under Lugonu
  1007 | D:1      | Reached skill level 2 in Axes
  1007 | D:1      | Reached XP level 3. HP: 33/33 MP: 4/4
  1393 | D:2      | Reached XP level 4. HP: 26/40 MP: 5/5
  1539 | D:2      | Reached ** piety under Lugonu
  1608 | D:2      | Noticed Sigmund
  1624 | D:2      | Killed Sigmund
  1624 | D:2      | Reached skill level 3 in Axes
  1624 | D:2      | Reached skill level 1 in Dodging
  1624 | D:2      | Reached XP level 5. HP: 22/46 MP: 6/6
  1908 | D:2      | Noticed Natasha
  1917 | D:2      | Killed Natasha
  2021 | D:2      | Reached XP level 6. HP: 50/53 MP: 7/7
  2034 | D:2      | Noticed Natasha
  2039 | D:2      | Killed Natasha
  2039 | D:2      | Reached skill level 4 in Axes
  2057 | D:2      | Noticed Natasha
  2061 | D:2      | Killed Natasha
  2937 | D:4      | Found a sand-covered staircase.
  2957 | Ossuary  | Entered an ossuary
  3155 | Ossuary  | Reached *** piety under Lugonu
  3445 | Ossuary  | Reached skill level 5 in Fighting
  3445 | Ossuary  | Reached XP level 7. HP: 35/61 MP: 8/8
  3618 | Ossuary  | Reached skill level 5 in Axes
  4714 | D:4      | Reached XP level 8. HP: 53/70 MP: 9/9
  4855 | D:4      | Noticed Edmund
  4870 | D:4      | Killed Edmund
  4870 | D:4      | Reached **** piety under Lugonu
  5221 | D:4      | Found a staircase to the Ecumenical Temple.
  5373 | D:5      | Entered Level 5 of the Dungeon
  5379 | D:5      | Reached skill level 6 in Axes
  5923 | D:5      | Noticed Ijyb
  5924 | D:5      | Noticed Prince Ribbit
  5938 | D:5      | Killed Ijyb
  5957 | D:5      | Killed Prince Ribbit
  5957 | D:5      | Reached skill level 7 in Axes
  6109 | D:5      | Found a runed translucent gate.
  6109 | D:5      | Found a runed translucent gate.
  6109 | D:5      | Found a runed translucent gate.
  6110 | D:5      | Noticed dricus's ghost (novice KoFi)
  6675 | D:5      | Banished dricus's ghost
  6675 | D:5      | Reached XP level 9. HP: 54/78 MP: 5/11
  7186 | D:6      | Gained mutation: You have a pair of small horns on your
                  | head. [potion of mutation]
  7186 | D:6      | Gained mutation: Your muscles are strong. (Str +2) [potion
                  | of mutation]
  7377 | D:6      | Found a runed translucent door.
  7377 | D:6      | Noticed Gynju's ghost (novice DEWz)
  7410 | D:6      | Banished Gynju's ghost
  7562 | D:6      | Reached skill level 5 in Armour
  7571 | D:6      | Found a hazy altar of Hepliaklqana.
  7600 | D:6      | Noticed Pikel
  7634 | D:6      | Killed Pikel
  7666 | D:6      | Found Yhephef's Distillery.
  7973 | D:6      | Found a blossoming altar of Fedhas.
  8703 | D:7      | Reached skill level 8 in Axes
  8741 | D:7      | Reached skill level 5 in Invocations
  8949 | D:6      | Reached XP level 10. HP: 81/86 MP: 13/13
 10023 | D:8      | Noticed Psyche
 10038 | D:8      | Killed Psyche
 11228 | D:9      | Noticed Harold
 11255 | D:9      | Killed Harold
 11255 | D:9      | Reached skill level 1 in Evocations
 11274 | D:9      | You fall into a shaft and drop 2 floors!
 11289 | D:10     | Entered Level 10 of the Dungeon
 11289 | D:10     | Found a radiant altar of Vehumet.
 12207 | D:9      | Found a staircase to the Lair.
 12300 | D:9      | Reached XP level 11. HP: 73/93 MP: 1/15
 12576 | D:9      | Reached ***** piety under Lugonu
 13178 | D:10     | Found Woadyag's Book Boutique.
 13193 | D:10     | Noticed Josephine
 13248 | D:9      | Reached skill level 9 in Axes
 13591 | D:9      | HP: 3/94 [wraith[Josephine] (9)]
 14306 | D:10     | Killed Josephine
 14364 | D:10     | HP: 3/94 [steam dragon/ball of steam (21)]
 14368 | D:10     | Killed from afar by a steam dragon

Levels and vault maps discovered:
D:1:      ncdulo_wetmaze, layout_basic
D:2:      layout_basic, uniq_natasha, uniq_sigmund
D:3:      layout_loops_ring
D:4:      layout_cave_pools, minmay_temple_entry_ruins, enter_ossuary_3,
          first_ration, kennysheep_donut, uniq_edmund
D:5:      layout_basic, gammafunk_ghost_nasty_kobolds, st_stairs_6,
          uniq_prince_ribbit1, uniq_ijyb
D:6:      layout_basic, old_standard_altar, ebering_ghost_sewer_d, basic_altar,
          serial_shops, shop, uniq_pikel
D:7:      layout_basic, grunt_livestock, minmay_between
D:8:      layout_gridville, uniq_psyche
D:9:      layout_irregular_city, lair_entry_dummy, st_stairs_5,
          onia_ninara_dug_in_and_dangerous, uniq_harold
D:10:     layout_rooms, gammafunk_ghost_icy, basic_altar, serial_shops,
          nicolae_shop_waterfront, uniq_josephine
D:11:     layout_layer_cave, jmf_multi_god_temple2, uniq_sonja

Skill      XL: |  1  2  3  4  5  6  7  8  9 10 11 |
---------------+----------------------------------+-----
Axes           | 2 3 4 5 7 8 9 |  9.1
Fighting       | 4 5 6 7 8 |  8.0
Armour         | 2 3 4 6 7 |  7.7
Dodging        | 1 2 3 4 |  4.3
Invocations    | 5 6 7 |  7.0
Evocations     | 1 |  1.1
Stealth        | |  0.7
Shields        | |  0.9

Action                   |  1- 3 |  4- 6 |  7- 9 | 10-12 || total
-------------------------+-------+-------+-------+-------++-------
Melee: Hand axe          |    85 |   177 |   392 |   365 ||  1019
       Kick              |    16 |    43 |   122 |   120 ||   301
       Headbutt          |       |       |    25 |    68 ||    93
Invok: Depart the Abyss  |     1 |       |       |       ||     1
       Banish            |       |       |     4 |     4 ||     8
Evoke: Wand              |       |       |    11 |    10 ||    21
  Use: Scroll            |     2 |       |    18 |     4 ||    24
       Potion            |       |       |     5 |     7 ||    12
 Stab: Invisible         |       |       |       |     1 ||     1
  Eat: Chunk             |       |     4 |    12 |    16 ||    32
       Ration            |       |     1 |     4 |     1 ||     6
Armor: Leather armour    |    23 |       |       |       ||    23
       Chain mail        |    31 |    91 |   238 |    44 ||   404
       Ring mail         |       |       |       |   123 ||   123
       Plate armour      |       |       |       |    15 ||    15
Dodge: Dodged            |    40 |    31 |    92 |   170 ||   333
Block: Kite shield       |       |       |       |    65 ||    65

Table legend:
 A = Non-vault XP
 B = Vault XP
 C = Vault XP percentage of total XP
 D = Non-vault monster count
 E = Vault monster count
 F = Vault count percentage of total count
                 A         B        C        D         E       F
            +---------+---------+-------+---------+---------+-------
      Total |    7365 |    7307 |  49.8 |     222 |      82 |  27.0
            +---------+---------+-------+---------+---------+-------
        D:1 |      45 |       0 |   0.0 |      29 |       0 |   0.0
        D:2 |     162 |     244 |  60.1 |      26 |       2 |   7.1
        D:3 |      73 |       0 |   0.0 |      14 |       0 |   0.0
        D:4 |     497 |     165 |  24.9 |      33 |       2 |   5.7
        D:5 |     495 |     963 |  66.0 |      20 |      13 |  39.4
        D:6 |     799 |     977 |  55.0 |      15 |       5 |  25.0
        D:7 |    1287 |    1072 |  45.4 |      31 |      10 |  24.4
        D:8 |     131 |     439 |  77.0 |       2 |       1 |  33.3
        D:9 |    3430 |    1911 |  35.8 |      42 |      12 |  22.2
       D:10 |     446 |    1073 |  70.6 |      10 |       1 |   9.1
    Ossuary |       0 |     463 | 100.0 |       0 |      36 | 100.0
            +---------+---------+-------+---------+---------+-------
